 Dungeon Crawl Stone Soup version 0.29-a0-72-g1732ff48e7 (webtiles) character file.

Game seed: 10920314374563337757

488519 lunkers the Intangible (level 24, -4/218 HPs)
             Began as a Merfolk Gladiator on Feb 2, 2022.
             Was an Initiate of Gozag.
             Slain by a black draconian knight (11 damage)
             ... summoned by a green draconian monk
             ... on level 4 of the Realm of Zot on Feb 3, 2022.
             The game lasted 02:14:45 (66446 turns).

lunkers the Intangible (Merfolk Gladiator)         Turns: 66446, Time: 02:14:45

Health: -4/218     AC: 31    Str: 15    XL:     24   Next: 68%
Magic:  23/23      EV: 24    Int:  8    God:    Gozag
Gold:   10645      SH: 21    Dex: 28    Spells: 23/23 levels left

rFire   + + .      SeeInvis .   b - +9 demon trident (elec)
rCold   + + .      Faith    .   j - +0 kite shield "Qezamex" {+Blink rElec rN+}
rNeg    + . .      Spirit   .   E - +8 chain mail "Suphuj" {*Corrode Fly rElec rC+ Regen+}
rPois   .          Reflect  +   H - +2 helmet
rElec   +          Harm     .   q - +0 cloak
rCorr   +          Rampage  .   h - +0 pair of fencer's gloves {Riposte Dex+3}
Will    ++...                   Q - +2 pair of boots {Fly}
Stlth   ..........              s - amulet of reflection
HPRegen 1.26/turn               A - ring of willpower
MPRegen 0.18/turn               r - ring of Pios {rF++ rC+ rCorr}

@: lethally poisoned (-4 -> -16), gold aura, flying, bribing [the Realm of Zot]
A: (nimble swimmer 2), mertail
}: 3/15 runes: decaying, silver, gossamer
a: Renounce Religion, Evoke Blink, Potion Petition, Call Merchant, Bribe Branch


You were on level 4 of the Realm of Zot.
You worshipped Gozag.
Gozag was extremely pleased with you.
You visited 9 branches of the dungeon, and saw 44 of its levels.
You visited the Abyss 1 time.

You collected 22754 gold pieces.
You spent 2224 gold pieces at shops.
You paid 9885 gold pieces to Gozag.

Inventory:

Hand Weapons
 a - the +10 zealot's sword {holy, *Rage rN+ EV+3}
   (You took it off a spriggan druid on level 3 of the Swamp)

   It has been blessed by the Shining One to cause great damage to the undead
   and demons.
   Whenever the wielder enters a berserk rage, their allies are berserked
   alongside them.
   EV:        It affects your evasion (+3).
   rN:        It protects you from negative energy.
   *Rage:     It berserks you when you make melee attacks (+20% chance).
 b - a +9 demon trident of electrocution (weapon)
Missiles
 d - 6 throwing nets
Armour
 h - the +0 pair of fencer's gloves (worn) {Riposte Dex+3}
   (You acquired it on level 2 of the Orcish Mines)

   It allows the wearer to riposte with melee weapons, swiftly retaliating
   against missed attacks.
   Dex:       It affects your dexterity (+3).
 j - the +0 kite shield "Qezamex" (worn) {+Blink rElec rN+}
   (You took it off Donald on level 1 of the Spider Nest)

   rElec:     It insulates you from electricity.
   rN:        It protects you from negative energy.
   +Blink:    It lets you blink.
 q - a +0 cloak (worn)
 C - the +5 scale mail of Huxoaxt {rPois rF+ rN+ Will+}
   (You found it on level 9 of the Dungeon)

   rF:        It protects you from fire.
   rPois:     It protects you from poison.
   rN:        It protects you from negative energy.
   Will:      It increases your willpower.
 E - the +8 chain mail "Suphuj" (worn) {*Corrode Fly rElec rC+ Regen+}
   (You found it on level 5 of the Vaults)

   rC:        It protects you from cold.
   rElec:     It insulates you from electricity.
   Fly:       It grants you flight.
   Regen:     It increases your rate of health regeneration.
   *Corrode:  It may corrode you when you take damage.
 H - a +2 helmet (worn)
 Q - a +2 pair of boots of flying (worn)
Jewellery
 r - the ring of Pios (right hand) {rF++ rC+ rCorr}
   (You bought it in a shop on level 5 of the Dungeon)

   [ring of protection from cold]

   rF:        It greatly protects you from fire.
   rC:        It protects you from cold.
   rCorr:     It protects you from acid and corrosion.
 s - an amulet of reflection (around neck)
 A - a ring of willpower (left hand)
 W - a +4 ring of protection
Wands
 n - a wand of iceblast (14)
 t - a wand of mindburst (4)
 J - a wand of digging (27)
 O - a wand of polymorph (21)
 P - a wand of flame (55)
 V - a wand of acid (17)
 Z - a wand of paralysis (11)
Scrolls
 m - a scroll of summoning
 o - 10 scrolls of immolation
 p - 2 scrolls of enchant weapon
 z - 4 scrolls of blinking
 D - a scroll of holy word
 I - 8 scrolls of fog
 N - 5 scrolls of teleportation
 R - 8 scrolls of enchant armour
 S - 5 scrolls of fear
 T - a scroll of silence
 Y - 3 scrolls of magic mapping
Potions
 c - 6 potions of flight
 e - 17 potions of curing
 f - 8 potions of cancellation
 g - 13 potions of heal wounds
 i - 2 potions of might
 k - 5 potions of attraction
 l - 10 potions of ambrosia
 v - 4 potions of resistance
 w - 4 potions of invisibility
 x - 6 potions of haste
 B - 2 potions of berserk rage
 F - 5 potions of mutation
 G - 8 potions of brilliance
 L - 6 potions of lignification
 M - 5 potions of magic
Miscellaneous
 u - a box of beasts
 y - a tin of tremorstones (2/2)
 K - a condenser vane
 U - a phantom mirror
 X - a piece from Xom's chessboard (15/15)


   Skills:
 + Level 24.5 Fighting
 - Level 16.0 Polearms
 - Level 2.0 Throwing
 + Level 13.3 Armour
 O Level 27 Dodging
 - Level 15.0 Shields
 - Level 17.4 Evocations


You had 23 spell levels left.
You didn't know any spells.
Your spell library contained the following spells:

 Spells                   Type           Power      Damage    Failure   Level
 Animate Skeleton         Necr           0%         N/A       100%        1
 Apportation              Tloc           0%         N/A       100%        1
 Freeze                   Ice            0%         1d3       100%        1
 Magic Dart               Conj           0%         1d3       100%        1
 Pain                     Necr           0%         1d4       100%        1
 Sandblast                Erth           0%         2d4       100%        1
 Slow                     Hex            0%         N/A       100%        1
 Summon Small Mammal      Summ           0%         N/A       100%        1
 Blink                    Tloc           0%         N/A       100%        2
 Corpse Rot               Necr/Air       0%         N/A       100%        2
 Passwall                 Tmut/Erth      0%         N/A       100%        2
 Poisonous Vapours        Pois/Air       0%         N/A       100%        2
 Scorch                   Fire           0%         2d5       100%        2
 Searing Ray              Conj           0%         2d4       100%        2
 Call Canine Familiar     Summ           0%         N/A       100%        3
 Confusing Touch          Hex            0%         N/A       100%        3
 Conjure Flame            Conj/Fire      0%         6-21      100%        3
 Dazzling Flash           Conj/Hex       0%         N/A       100%        3
 Frozen Ramparts          Ice            0%         1d2       100%        3
 Ignite Poison            Fire/Tmut/Pois 0%         N/A       100%        3
 Lesser Beckoning         Tloc           0%         N/A       100%        3
 Mephitic Cloud           Conj/Pois/Air  0%         N/A       100%        3
 Ozocubu's Armour         Ice            0%         N/A       100%        3
 Portal Projectile        Hex/Tloc       0%         N/A       100%        3
 Stone Arrow              Conj/Erth      0%         3d7       100%        3
 Summon Guardian Golem    Hex/Summ       0%         N/A       100%        3
 Vampiric Draining        Necr           0%         2d6       100%        3
 Airstrike                Air            0%         N/A       100%        4
 Animate Armour           Summ/Erth      0%         N/A       100%        4
 Animate Dead             Necr           0%         N/A       100%        4
 Flame Wave               Conj/Fire      0%         2d4       100%        4
 Fulminant Prism          Conj/Hex       0%         3d6       100%        4
 Hailstorm                Conj/Ice       0%         3d3       100%        4
 Ice Form                 Ice/Tmut       0%         N/A       100%        4
 Iskenderun's Mystic Bla  Conj/Tloc      0%         2d3       100%        4
 Leda's Liquefaction      Hex/Erth       0%         N/A       100%        4
 Sticky Flame             Conj/Fire      0%         2d3       100%        4
 Summon Lightning Spire   Summ/Air       0%         N/A       100%        4
 Agony                    Necr           0%         N/A       100%        5
 Freezing Cloud           Conj/Ice/Air   0%         6-21      100%        5
 Lightning Bolt           Conj/Air       0%         1d11      100%        5
 Manifold Assault         Tloc           0%         N/A       100%        5
 Metabolic Englaciation   Hex/Ice        0%         N/A       100%        5
 Silence                  Hex/Air        0%         N/A       100%        5
 Yara's Violent Unravell  Hex/Tmut       0%         3d3       100%        5
 Dispersal                Tloc           0%         N/A       100%        6
 Iron Shot                Conj/Erth      0%         9d1       100%        6
 Simulacrum               Ice/Necr       0%         N/A       100%        6
 Starburst                Conj/Fire      0%         6d3       100%        6
 Summon Cactus Giant      Summ           0%         N/A       100%        6
 Enfeeble                 Hex            0%         N/A       100%        7
 Haunt                    Necr/Summ      0%         N/A       100%        7
 Malign Gateway           Summ/Tloc      0%         N/A       100%        7
 Monstrous Menagerie      Summ           0%         N/A       100%        7
 Orb of Destruction       Conj           0%         9d5       100%        7
 Spellforged Servitor     Conj/Summ      0%         N/A       100%        7
 Storm Form               Tmut/Air       0%         N/A       100%        7
 Borgnjor's Revivificati  Necr           0%         N/A       100%        8
 Disjunction              Tloc           0%         N/A       100%        8
 Infestation              Necr           0%         N/A       100%        8
 Necromutation            Tmut/Necr      0%         N/A       100%        8
 Death's Door             Necr           0%         N/A       100%        9
 Polar Vortex             Ice            0%         N/A       100%        9


Dungeon Overview and Level Annotations

Branches:
Dungeon (15/15)            Temple (1/1) D:7            Lair (6/6) D:11
  Swamp (4/4) Lair:4       Spider (4/4) Lair:4        Slime (0/5) Lair:5
    Orc (2/2) D:11            Elf (0/3) Orc:2        Vaults (5/5) D:13
  Crypt (0/3) Vaults:2     Depths (4/4) D:15            Zot (2/5) Depths:4

Altars:
Ashenzari
Cheibriados
Dithmenos
Elyvilon
Fedhas
Gozag
Hepliaklqana
Kikubaaqudgha
Makhleb
Nemelex Xobeh
Okawaru
Qazlal
Ru
Sif Muna
Trog
Uskayaw
Vehumet
Wu Jian
Xom
Yredelemnul
Zin
The Shining One
Jiyva
Lugonu

Shops:
D:5 =   D:8 (*   D:11 (*   D:13 (   Orc:1 (   Orc:2 ?*=[   Vaults:2 [
Vaults:4 [[   Vaults:5 ?   Depths:1 [

Portals:
Hell: Depths:1 Depths:2 Depths:3 Depths:4
Abyss: Depths:3 Depths:4
Pandemonium: Depths:2
Ziggurat: Depths:3

Annotations:
D:7 exclusion: obsidian statue
D:9 2 transporters, Clumpoid's ghost, journeyman GnFi
Lair:6 exclusion: obsidian statue
Swamp:1 2 transporters, RBrandon's ghost, adept TrAM
Spider:2 Roxanne
Vaults:1 exclusion: obsidian statue
Vaults:4 Sojobo
Depths:1 exclusion: orange crystal statue


Innate Abilities, Weirdness & Mutations

((You are very nimble when in or above water. (Stealth+, EV+, Speed+++)))
Your lower body shifts to a powerful aquatic tail in water.


Message History

The storm dragon tramples you!
* * * LOW HITPOINT WARNING * * *
You hold your ground!
The bolt of lightning hits the tentacled monstrosity!
The tentacled monstrosity resists.
A bolt of lightning appears from out of your range of vision.
You block the purple draconian's attack.
Something hits the tentacled monstrosity but does no damage.
Something tail-slaps the tentacled monstrosity!
The tentacled monstrosity dies!
The green draconian monk is distracted by your dazzling golden aura.
The green draconian monk roars!
You hear a roar!
Unknown command.
Unknown command.
As you read the scroll of teleportation, it crumbles to dust.
You feel strangely unstable.
You feel the Orb delaying your translocation!
You feel very sick. You block something's attack.
The white draconian is distracted by your dazzling golden aura.
Something hits you but does no damage.
The red draconian struggles to escape constriction.
The purple draconian hits you from afar with a +0 glaive!!
* * * LOW HITPOINT WARNING * * *
You block the storm dragon's attack. The storm dragon barely misses you.
The storm dragon closely misses you.
The purple draconian shifter breathes dispelling energy at you.
The bolt of dispelling energy hits something!
Reactivating autopickup.
The black draconian knight's magical effects unravel!
The bolt of dispelling energy hits you!!
You feel strangely stable.
* * * LOW HITPOINT WARNING * * *
Your tentacled monstrosity completely misses the electric golem.
Your tentacled monstrosity closely misses the electric golem.
Your tentacled monstrosity tentacle-slaps the electric golem!
Your tentacled monstrosity constricts the red draconian!
The electric golem blinks!
Something hits you!
You die...
Your body crumbles into a pile of gold.

[.. ....
#...##
#.....
...#
#.....
...#
.'.....
#####..°#
.######
#qDd..○○#
#@q§d.°°#
$
#d.dX.°°d
#d$.#####
$ ## #.q.#
+. #...#
#. #...#
#.
#...######
#.
#.........
#.
#....^....
#.


You could see a green draconian monk, a black draconian knight (summoned), a
storm dragon (summoned), a yellow draconian (summoned), a purple draconian
(summoned, berserk), 2 draconians, 2 draconians, a purple draconian shifter
(summoned, catching breath) and a friendly tentacled monstrosity.

Vanquished Creatures
  A dread lich (Vaults:4)
  Mara (Swamp:3)
  An ancient lich (Vaults:5)
  A juggernaut (Depths:3)
  Bai Suzhen (Swamp:3)
  12 caustic shrikes
  Xtahua (Vaults:2)
  4 golden dragons
  A bone dragon (Depths:4)
  Arachne (Spider:3)
  3 tentacled monstrosities
  2 walking earthen tomes
  A lich (Depths:3)
  3 quicksilver dragons
  A quicksilver dragon (shapeshifter) (Vaults:5)
  Frances (Spider:2)
  A sphinx (Vaults:3)
  2 death cobs
  A thorn hunter (Swamp:2)
  6 storm dragons
  6 shadow dragons
  Donald (Spider:1)
  4 tengu reavers
  A fenstrider witch (Swamp:2)
  4 frost giants
  8 emperor scorpions
  6 fire giants
  2 iron dragons
  Aizul (Swamp:1)
  6 ghost moths
  5 vault wardens
  A balrug (Depths:1)
  15 ironbound preservers
  3 draconian shifters
  2 orc warlords
  2 spriggan defenders (Depths:2)
  3 broodmothers
  25 very ugly things
  9 stone giants
  3 war gargoyles
  A deep elf demonologist (Vaults:5)
  2 ironbound thunderhulks
  4 vampire knights
  4 purple draconians
  4 eleionomae
  4 bunyips
  15 spark wasps
  3 yellow draconians
  12 entropy weavers
  3 white draconians
  15 dire elephants
  2 red draconians (Depths:4)
  An ettin (shapeshifter) (Vaults:5)
  3 crystal guardians
  A shambling mangrove (Swamp:4)
  10 fire dragons
  8 ettins
  4 great orbs of eyes
  10 yaktaur captains
  14 vault guards
  Fannar (Lair:3)
  3 rakshasas
  12 boulder beetles
  5 spriggan air magi
  A great orb of eyes (shapeshifter) (Vaults:5)
  3 peacekeepers
  A hydra (shapeshifter) (Vaults:5)
  4 ice dragons
  2 catoblepae
  An ogre mage (Vaults:5)
  3 jorogumos
  6 ironbound frosthearts
  23 hydras
  2 ghost crabs
  5 radroaches
  Erica (Lair:1)
  14 alligators
  9 centaur warriors
  10 deep troll earth magi
  4 two-headed ogres
  A hell hog (Depths:1)
  7 death yaks
  6 deep troll shamans
  Urug (Lair:3)
  10 tengu warriors
  A vampire mage (Vaults:2)
  A death scarab (Spider:2)
  Sonja (Lair:2)
  7 hell knights
  An orc high priest (Orc:2)
  6 spriggan berserkers
  A sun demon (Depths:1)
  A sun moth (Spider:4)
  6 iron trolls
  2 spectral death yaks (Lair:6)
  A titan skeleton (Vaults:4)
  A sixfirhy (Abyss:3)
  7 goliath frogs
  10 pharaoh ants
  2 glowing orange brains
  56 deep trolls
  2 skeletal warriors (Vaults:2)
  A death drake (Swamp:2)
  2 flayed ghosts
  13 swamp dragons
  3 bog bodies
  7 steelbarb worms
  12 wizards
  10 ironbound convokers
  5 spriggan druids
  7 orb spiders
  A spectral anaconda (Lair:6)
  12 orc knights
  11 lindwurms
  2 phantasmal warriors
  6 necromancers
  8 harpies
  4 human zombies
  5 cyclopes
  52 ugly things
  20 wolf spiders
  17 elephants
  5 manticores
  4 will-o-the-wisps
  7 moths of wrath
  A salamander (D:15)
  34 slime creatures
  A human skeleton (Vaults:1)
  5 black mambas
  Maurice (Orc:1)
  7 vault sentinels
  7 torpor snails
  2 gargoyles (D:10)
  A smoke demon (Depths:1)
  10 cane toads
  10 demonic crawlers
  An elf skeleton (Vaults:3)
  2 unseen horrors
  Maggie (Lair:1)
  5 komodo dragons
  A water nymph (shapeshifter) (Vaults:5)
  A rime drake (Lair:4)
  A dire elephant skeleton (Lair:6)
  23 yaktaurs
  3 tengu conjurers
  A queen bee (D:15)
  5 trolls
  7 tyrant leeches
  3 polar bears
  2 bloated husks
  13 tarantellas
  Prince Ribbit (D:5)
  19 meliai
  A human simulacrum (Vaults:1)
  6 hornets
  13 blink frogs
  Sigmund (D:2)
  A jumping spider (shapeshifter) (Depths:4)
  32 culicivoras
  28 jumping spiders
  4 shadows
  6 wyverns
  37 yaks
  3 wraiths
  7 spriggans
  3 water elementals (Depths:1)
  A vampire (D:13)
  A yaktaur simulacrum (Vaults:1)
  65 redbacks
  6 vampire mosquitoes
  6 basilisks
  A steam dragon (D:8)
  An ogre zombie (Vaults:3)
  A death yak simulacrum (Lair:6)
  5 wargs
  13 swamp worms
  An acid dragon (D:13)
  2 spectral cane toads (Lair:6)
  15 water moccasins
  34 orc warriors
  5 swamp drakes
  2 black bears
  A necrophage (D:5)
  An elephant zombie (Lair:6)
  A sky beast (D:7)
  9 wolves
  10 ogres
  6 boggarts
  An elephant skeleton (Lair:6)
  20 centaurs
  16 bullfrogs
  2 gnoll sergeants
  A water moccasin zombie (D:7)
  29 killer bees
  3 elephant simulacra (Lair:6)
  3 wights (D:7)
  2 electric eels (D:7)
  3 howler monkeys
  2 jellies
  3 centaur zombies
  2 gnoll shamans
  11 orc priests
  2 hounds
  4 iguanas
  A scorpion zombie (D:5)
  20 orc wizards
  4 hell rats (Lair:5)
  A small abomination (Abyss:3)
  A howler monkey zombie (D:5)
  18 gnolls
  A howler monkey skeleton (D:6)
  6 adders
  An ufetubus (D:5)
  4 dart slugs
  74 orcs
  7 ball pythons
  9 endoplasms
  4 giant cockroaches
  9 goblins
  8 hobgoblins
  2 jackals (D:4)
  6 kobolds
  3 quokkas (D:1)
  8 bats
  4 frilled lizards
  6 rats
  A butterfly (D:7)
  A plant (Lair:5)
1527 creatures vanquished.

Vanquished Creatures (collateral kills)
  An ancient lich (Vaults:5)
  A titan (Vaults:5)
  A shadow dragon (Vaults:5)
  4 storm dragons
  3 tengu reavers (Vaults:5)
  A fire giant (Vaults:5)
  2 vault wardens (Vaults:5)
  An iron dragon (Vaults:5)
  6 ironbound preservers
  An ironbound thunderhulk (Vaults:4)
  A very ugly thing (Vaults:5)
  2 dire elephants (Vaults:4)
  A purple draconian (Zot:2)
  A yellow draconian (Zot:4)
  An ettin (Vaults:5)
  2 yaktaur captains (Vaults:5)
  15 vault guards
  5 deep trolls
  A lindwurm (Vaults:4)
  2 ironbound convokers (Vaults:5)
  A necromancer (Vaults:4)
  A wizard (Vaults:4)
  3 ugly things (Vaults:4)
  A phantasmal warrior (Vaults:5)
  2 vault sentinels
  A freezing wraith (Vaults:5)
  A slime creature (shapeshifter) (Vaults:5)
  An ettin zombie (Vaults:4)
  An orc warrior (Vaults:4)
  An orc priest (Vaults:4)
  4 orcs (Vaults:4)
69 creatures vanquished.

Vanquished Creatures (others)
  An ancient lich (Vaults:5)
  Saint Roka (Vaults:4)
  2 golden dragons
  4 tentacled monstrosities
  A titan (Vaults:5)
  A death cob (Zot:4)
  A sphinx (Vaults:4)
  3 tengu reavers
  A storm dragon (Vaults:5)
  A frost giant (Vaults:5)
  5 vault wardens
  A draconian knight (Zot:4)
  A ghost moth (Zot:4)
  2 ironbound thunderhulks
  2 ironbound preservers
  A stone giant (Vaults:5)
  A green draconian (Zot:1)
  A purple draconian (Zot:1)
  A deep elf annihilator (Vaults:5)
  A deep elf demonologist (Vaults:5)
  A yellow draconian (Zot:4)
  An ettin (Depths:4)
  2 white draconians
  4 yaktaur captains
  6 vault guards (Vaults:5)
  A deep troll earth mage (Vaults:5)
  A goliath frog (Swamp:4)
  4 deep trolls
  2 lindwurms (Vaults:4)
  A wizard (Vaults:4)
  3 ironbound convokers (Vaults:5)
  2 orc knights
  2 ugly things (Vaults:4)
  A moth of wrath (Zot:1)
  2 vault sentinels
  A freezing wraith (Vaults:5)
  4 yaktaurs (Vaults:4)
  A swamp worm (shapeshifter) (Vaults:5)
  2 wargs (Vaults:4)
  An orc warrior (Vaults:4)
  An orc wizard (Vaults:4)
  3 orcs
  12 foxfires
  22 fungi
  58 plants
  19 withered plants (Lair:6)
189 creatures vanquished.

Grand Total: 1785 creatures vanquished

Notes
Turn   | Place    | Note
-------+----------+-------------------------------------------
     0 | D:1      | lunkers the Merfolk Gladiator began the quest for the Orb.
     0 | D:1      | Reached XP level 1. HP: 16/16 MP: 1/1
    42 | D:1      | Reached XP level 2. HP: 13/23 MP: 2/2
   244 | D:1      | Reached skill level 5 in Polearms
   313 | D:1      | Reached XP level 3. HP: 21/28 MP: 3/3
  1027 | D:2      | Reached XP level 4. HP: 25/34 MP: 4/4
  1270 | D:2      | Noticed Sigmund
  1287 | D:2      | Killed Sigmund
  1288 | D:2      | Reached skill level 5 in Dodging
  1288 | D:2      | Reached XP level 5. HP: 42/42 MP: 5/5
  1288 | D:2      | Reached XP level 6. HP: 48/48 MP: 6/6
  1859 | D:2      | Found a faded altar of an unknown god.
  2434 | D:3      | Identified the +0 mace of Urhof {flame, rElec rCorr}
  3261 | D:4      | Noticed a wyvern
  3284 | D:4      | Killed a wyvern
  3285 | D:4      | Reached skill level 6 in Dodging
  3285 | D:4      | Reached XP level 7. HP: 11/55 MP: 7/7
  3585 | D:4      | Found a hazy altar of Hepliaklqana.
  4488 | D:4      | Reached skill level 5 in Fighting
  4656 | D:5      | Entered Level 5 of the Dungeon
  4714 | D:5      | Reached XP level 8. HP: 55/62 MP: 8/8
  4719 | D:5      | Reached skill level 7 in Dodging
  4816 | D:5      | Reached skill level 10 in Polearms
  4849 | D:5      | Found Ceigoma's Jewellery Shop.
  4858 | D:5      | Noticed Prince Ribbit
  4877 | D:5      | Killed Prince Ribbit
  5659 | D:5      | Reached skill level 8 in Dodging
  6200 | D:6      | Reached XP level 9. HP: 55/71 MP: 9/9
  6703 | D:6      | Noticed a boulder beetle
  6733 | D:6      | Killed a boulder beetle
  6734 | D:6      | Reached skill level 9 in Dodging
  7724 | D:7      | Found a staircase to the Ecumenical Temple.
  7811 | Temple   | Entered the Ecumenical Temple
  8204 | Temple   | Became a worshipper of Gozag Ym Sagoz the Greedy
  8262 | D:7      | Noticed an obsidian statue
  8269 | D:7      | Noticed an ice devil
  8269 | D:7      | Noticed a hellwing
  8270 | D:7      | Identified the +3 halberd "Siebu" {speed, Fly rElec Dex+4}
  9011 | D:8      | Found Gahas's Hydra Hut.
  9018 | D:7      | Reached XP level 10. HP: 45/80 MP: 10/10
  9032 | D:7      | Reached skill level 10 in Dodging
  9251 | D:8      | Noticed a seven-headed hydra
  9451 | D:8      | Found Katifreukk's General Store.
  9475 | D:8      | Reached skill level 15 in Polearms
 10323 | D:9      | Noticed Clumpoid's ghost (journeyman GnFi)
 10331 | D:9      | Found a transporter.
 10336 | D:9      | Found a transporter.
 10391 | D:9      | Identified the +5 scale mail of Huxoaxt {rPois rF+ rN+
                  | Will+}
 10452 | D:9      | Noticed a two-headed ogre
 10460 | D:9      | Killed a two-headed ogre
 10498 | D:9      | Reached skill level 11 in Dodging
 10564 | D:9      | Identified the +0 chain mail "Jinyon" {-Cast Str-3 Dex+8
                  | Slay+3}
 10855 | D:9      | Reached XP level 11. HP: 90/90 MP: 11/11
 11266 | D:10     | Entered Level 10 of the Dungeon
 11346 | D:10     | Reached skill level 12 in Dodging
 11394 | D:10     | Reached skill level 1 in Armour
 11478 | D:10     | Reached skill level 10 in Fighting
 12530 | D:10     | Upgraded the game from 0.29-a0-40-g8eb35efe60 to
                  | 0.29-a0-43-g62a80824bf
 12579 | D:11     | Found Hessul's General Store.
 12624 | D:11     | Noticed a cyclops
 12797 | D:11     | Killed a cyclops
 12871 | D:11     | Reached skill level 13 in Dodging
 12874 | D:11     | Found a staircase to the Lair.
 13102 | D:11     | Noticed a manticore
 13117 | D:11     | Killed a manticore
 13321 | D:11     | Reached XP level 12. HP: 66/100 MP: 12/12
 13543 | D:11     | Found a staircase to the Orcish Mines.
 13772 | Lair:1   | Entered Level 1 of the Lair of Beasts
 13942 | Lair:1   | Reached skill level 14 in Dodging
 14351 | Lair:1   | Reached skill level 1 in Evocations
 14403 | Lair:1   | Noticed a boulder beetle
 14425 | Lair:1   | Killed a boulder beetle
 14518 | Lair:1   | Noticed Maggie
 14523 | Lair:1   | Killed Maggie
 14851 | Lair:2   | Noticed Erica
 14853 | Lair:2   | Noticed a five-headed hydra
 14853 | Lair:2   | Noticed an eight-headed hydra
 14864 | Lair:1   | Killed Erica
 15015 | Lair:2   | Reached skill level 5 in Armour
 15074 | Lair:2   | Noticed Sonja
 15078 | Lair:2   | Found a shimmering altar of Xom.
 15086 | Lair:2   | Killed Sonja
 15089 | Lair:2   | Killed a nine-headed hydra
 15668 | Lair:2   | Killed an eight-headed hydra
 15969 | Lair:3   | Reached skill level 5 in Evocations
 15978 | Lair:3   | Reached skill level 15 in Dodging
 15989 | Lair:3   | Reached XP level 13. HP: 79/109 MP: 13/13
 16144 | Lair:3   | Noticed Fannar
 16164 | Lair:3   | Killed Fannar
 16446 | Lair:3   | Noticed Urug
 16465 | Lair:3   | Killed Urug
 17334 | Lair:4   | Found a hole to the Spider Nest.
 17544 | Lair:4   | Found a staircase to the Swamp.
 18424 | Orc:1    | Entered Level 1 of the Orcish Mines
 18552 | Orc:2    | Entered Level 2 of the Orcish Mines
 18699 | Orc:1    | Found Natiw's Firing Range.
 18733 | Orc:1    | Noticed Maurice
 18751 | Orc:1    | Killed Maurice
 19493 | Orc:2    | Reached skill level 16 in Dodging
 19539 | Orc:2    | Found a staircase to the Elven Halls.
 19599 | Orc:2    | Found Isob Laff's General Store.
 19599 | Orc:2    | Found Exkeifin's Jewellery Shop.
 19599 | Orc:2    | Found Odwu's Antique Armour Boutique.
 19602 | Orc:2    | Found Xeemm's Magic Scroll Shoppe.
 19614 | Orc:2    | Bought a scroll of acquirement for 624 gold pieces
 20002 | Orc:2    | Acquired the +0 pair of fencer's gloves {Riposte Dex+3}
 20002 | Orc:2    | Found the +0 pair of fencer's gloves {Riposte Dex+3}
 20164 | Lair:5   | Found a staircase to the Slime Pits.
 20165 | Lair:5   | Found a viscous altar of Jiyva.
 20374 | Lair:5   | Reached XP level 14. HP: 107/118 MP: 14/14
 20904 | Lair:6   | Entered Level 6 of the Lair of Beasts
 22054 | Lair:6   | Noticed a dire elephant
 22055 | Lair:6   | Noticed a dire elephant
 22058 | Lair:6   | Noticed a dire elephant
 22060 | Lair:6   | Reached skill level 10 in Evocations
 22086 | Lair:6   | Killed a dire elephant
 22177 | Lair:6   | Noticed a dire elephant
 22192 | Lair:6   | Killed a dire elephant
 22207 | Lair:6   | Noticed a dire elephant
 22227 | Lair:6   | Killed a dire elephant
 23057 | Lair:6   | Reached skill level 17 in Dodging
 23236 | Lair:6   | Killed a dire elephant
 23251 | Lair:6   | Killed a dire elephant
 23864 | D:12     | Reached XP level 15. HP: 127/127 MP: 15/15
 25630 | D:13     | Found a gate to the Vaults.
 25664 | D:13     | Reached skill level 15 in Fighting
 25936 | D:13     | Found a stormy altar of Qazlal.
 25967 | D:13     | Found Qoxtis's Weapon Emporium.
 26411 | D:13     | Reached skill level 18 in Dodging
 27257 | D:14     | Identified the +6 great sword "Newtslayer" {elec, Will+
                  | Int+4}
 28017 | Spider:1 | Entered Level 1 of the Spider Nest
 28190 | Spider:1 | Identified the +0 kite shield "Qezamex" {+Blink rElec rN+}
 28190 | Spider:1 | Noticed Donald
 28215 | Spider:1 | Killed Donald
 28216 | Spider:1 | Reached XP level 16. HP: 94/136 MP: 16/16
 31144 | Spider:2 | Noticed Frances
 31607 | Spider:2 | Reached skill level 19 in Dodging
 31632 | Spider:2 | Killed Frances
 32885 | Spider:2 | You are sucked into a shaft and drop 1 floor!
 32902 | Spider:3 | Reached skill level 15 in Evocations
 32903 | Spider:3 | Noticed Arachne
 32926 | Spider:3 | Killed Arachne
 32927 | Spider:3 | Reached XP level 17. HP: 47/145 MP: 17/17
 33751 | Spider:2 | Identified Roxanne's Papyrus of Changing
 33751 | Spider:2 | Noticed Roxanne
 34599 | Spider:4 | Entered Level 4 of the Spider Nest
 35387 | Spider:4 | Reached skill level 20 in Dodging
 37427 | Spider:3 | Reached skill level 10 in Armour
 37767 | Spider:4 | Reached XP level 18. HP: 155/155 MP: 18/18
 37851 | Spider:4 | Got a gossamer rune of Zot
 37852 | Spider:4 | Identified the +0 hat of the Wild Haggis {Fly rElec Regen+
                  | rCorr Str-4}
 38531 | Swamp:1  | Entered Level 1 of the Swamp
 38787 | Swamp:1  | Noticed RBrandon's ghost (adept TrAM)
 38797 | Swamp:1  | Found a bloodstained altar of Trog.
 38798 | Swamp:1  | Found a transporter.
 38804 | Swamp:1  | Found a transporter.
 39068 | Swamp:1  | Reached skill level 21 in Dodging
 39068 | Swamp:1  | Reached XP level 19. HP: 162/163 MP: 19/19
 39309 | Swamp:1  | Noticed a tentacled monstrosity
 39320 | Swamp:1  | Killed a tentacled monstrosity
 39452 | Swamp:1  | Noticed Aizul
 39478 | Swamp:1  | Killed Aizul
 40688 | Swamp:3  | Noticed Mara
 40689 | Swamp:3  | Noticed lunkers's illusion
 40705 | Swamp:3  | Killed Mara
 40944 | Swamp:3  | Acquired 1116 gold pieces
 41914 | Swamp:3  | Noticed Bai Suzhen
 41930 | Swamp:3  | Killed Bai Suzhen
 41931 | Swamp:3  | Reached skill level 1 in Shields
 42455 | Swamp:4  | Entered Level 4 of the Swamp
 42623 | Swamp:4  | Reached skill level 22 in Dodging
 43443 | Swamp:4  | Reached skill level 5 in Shields
 43679 | Swamp:4  | Reached XP level 20. HP: 138/174 MP: 20/20
 43938 | Swamp:4  | Got a decaying rune of Zot
 44216 | Vaults:1 | Entered Level 1 of the Vaults
 47272 | Vaults:2 | Found Ywasm's Antique Armour Shoppe.
 47280 | Vaults:2 | Bought a pair of spiked gloves for 342 gold pieces
 47280 | Vaults:2 | Identified the +1 pair of gloves "Ciurch" {rPois} (You
                  | bought it in a shop on level 2 of the Vaults)
 47283 | Vaults:2 | Bought a pair of glowing boots for 270 gold pieces
 47296 | Vaults:2 | Bought a pair of glowing boots for 270 gold pieces
 47641 | Vaults:2 | Found a staircase to the Crypt.
 47754 | Vaults:2 | Reached skill level 23 in Dodging
 47918 | Vaults:2 | Noticed Xtahua
 47942 | Vaults:2 | Killed Xtahua
 48185 | Vaults:2 | Reached skill level 10 in Shields
 49103 | Vaults:3 | Reached XP level 21. HP: 172/183 MP: 21/21
 51201 | Vaults:4 | HP: 5/276 [war gargoyle[a peacekeeper] (18)]
 51702 | Vaults:4 | Noticed a dread lich
 51730 | Vaults:4 | Paralysed by something for 4 turns
 51742 | Vaults:4 | Paralysed by something for 2 turns
 51924 | Vaults:4 | Killed a dread lich
 51925 | Vaults:4 | Reached skill level 24 in Dodging
 52267 | Vaults:4 | Noticed Saint Roka
 52268 | Vaults:4 | Noticed Sojobo
 52285 | Vaults:4 | Killed Saint Roka
 52689 | Vaults:4 | Killed a golden dragon
 52875 | Vaults:4 | Found Venimemy's Antique Armour Boutique.
 53388 | Vaults:4 | Found Kyor's Armour Emporium.
 53451 | Vaults:4 | Reached XP level 22. HP: 192/192 MP: 22/22
 53628 | Vaults:5 | Entered Level 5 of the Vaults
 54105 | Vaults:5 | Noticed an ancient lich
 54111 | Vaults:5 | Killed an ancient lich
 54536 | Vaults:5 | Noticed a golden dragon
 54545 | Vaults:5 | Noticed a golden dragon
 54547 | Vaults:5 | Killed a golden dragon
 54555 | Vaults:5 | Killed a golden dragon
 54556 | Vaults:5 | Reached skill level 25 in Dodging
 54561 | Vaults:5 | Reached skill level 15 in Shields
 54599 | Vaults:5 | Got a silver rune of Zot
 54956 | Vaults:5 | Identified the +4 ring mail of Weightlessness {rElec rF+
                  | Slay+2 SInv}
 54984 | Vaults:5 | Identified the +8 chain mail "Suphuj" {*Corrode Fly rElec
                  | rC+ Regen+}
 55086 | Vaults:5 | Found Hucsut's Magic Scroll Shop.
 55196 | Vaults:5 | Bought a scroll of enchant armour for 112 gold pieces
 55438 | Vaults:5 | Got the Incunabulum of Creation and Stones
 55644 | Vaults:5 | Noticed a golden dragon
 55644 | Vaults:5 | Noticed an ancient lich
 55656 | Vaults:5 | Killed an ancient lich
 55658 | Vaults:5 | Killed a golden dragon
 56158 | Vaults:5 | Noticed an ancient lich
 56164 | Vaults:5 | Identified the +5 long sword "Coijaypp" {venom, rCorr}
 56164 | Vaults:5 | Identified the amulet "Ariqusenn" {Drain Regen+ Str+2 Int+2
                  | Dex+2}
 56164 | Vaults:5 | Identified the +10 war axe of Suicidal Tendencies {drain,
                  | rPois rF+}
 56205 | Vaults:5 | Killed an ancient lich
 56216 | Vaults:5 | Got the Guide on Black Magic and the Rocks
 56230 | Vaults:5 | Got the Compendium of Excruciating Orientation
 56889 | D:5      | Bought the ring of Pios {rF++ rC+ rCorr} for 606 gold
                  | pieces
 57338 | D:15     | Entered Level 15 of the Dungeon
 57578 | D:15     | Upgraded the game from 0.29-a0-43-g62a80824bf to
                  | 0.29-a0-72-g1732ff48e7
 58065 | D:15     | Found a staircase to the Depths.
 58629 | Depths:1 | Entered Level 1 of the Depths
 58975 | Depths:1 | Found an opulent altar of Gozag.
 59222 | Depths:1 | Found Doud's Armour Shop.
 59358 | Depths:1 | Found a gateway to Hell.
 59382 | Depths:1 | Reached XP level 23. HP: 116/203 MP: 23/23
 59989 | Depths:2 | Reached skill level 26 in Dodging
 60373 | Depths:2 | Found a one-way gate leading to the halls of Pandemonium.
 60594 | Depths:2 | Cast into level 3 of the Abyss (tengu reaver)
 60709 | Depths:2 | Escaped the Abyss
 60841 | Depths:2 | Identified the +4 dagger of the Lame Duck {freeze, rElec
                  | rPois rF++ Str-2}
 61094 | Depths:2 | You are sucked into a shaft and drop 1 floor!
 61574 | Depths:3 | Found a one-way gate to the infinite horrors of the Abyss.
 61697 | Depths:3 | Noticed a caustic shrike
 61713 | Depths:3 | Killed a caustic shrike
 61803 | Depths:3 | Found a one-way gateway to a ziggurat.
 63189 | Depths:3 | Noticed a juggernaut
 63208 | Depths:3 | Reached skill level 27 in Dodging
 63221 | Depths:3 | Killed a juggernaut
 63391 | Depths:4 | Entered Level 4 of the Depths
 63391 | Depths:4 | Found a corrupted altar of Lugonu.
 63457 | Depths:4 | Noticed a caustic shrike
 63460 | Depths:4 | Noticed a caustic shrike
 63462 | Depths:4 | Noticed a caustic shrike
 63465 | Depths:4 | Noticed a caustic shrike
 63466 | Depths:4 | Noticed a caustic shrike
 63468 | Depths:4 | Killed a caustic shrike
 63488 | Depths:4 | Killed a caustic shrike
 63496 | Depths:4 | Noticed a caustic shrike
 63497 | Depths:4 | Reached XP level 24. HP: 172/215 MP: 23/23
 63511 | Depths:4 | Killed a caustic shrike
 63524 | Depths:4 | Killed a caustic shrike
 63533 | Depths:4 | Killed a caustic shrike
 63543 | Depths:4 | Killed a caustic shrike
 63788 | Depths:4 | Found a gate to the Realm of Zot.
 64509 | Depths:4 | Noticed a caustic shrike
 64512 | Depths:4 | Noticed a caustic shrike
 64512 | Depths:4 | Noticed a caustic shrike
 64513 | Depths:4 | Noticed a caustic shrike
 64514 | Depths:4 | Noticed a caustic shrike
 64521 | Depths:4 | Killed a caustic shrike
 64526 | Depths:4 | Killed a caustic shrike
 64540 | Depths:4 | Killed a caustic shrike
 64552 | Depths:4 | Killed a caustic shrike
 64566 | Depths:4 | Killed a caustic shrike
 64800 | Zot:1    | Entered Level 1 of the Realm of Zot
 66095 | Zot:2    | You are sucked into a shaft and drop 2 floors!
 66446 | Zot:4    | HP: 7/218 [purple draconian shifter/bolt of dispelling
                  | energy[a green draconian monk] (18)]
 66446 | Zot:4    | Slain by a black draconian knight

Illustrated notes

Levels and vault maps discovered:
D:1:      roderic_crop_circles_arrival_small, layout_rooms
D:2:      layout_basic, dreamdust_ecumenical_altar_sealed_demon,
          mrwooster_statue_mirror, chequers_serial_rivers_small_3, uniq_sigmund
D:3:      layout_loops_cross
D:4:      layout_basic, mainiacjoe_overflow_brackets
D:5:      layout_basic, serial_shops, nicolae_shop_behind_doors,
          minmay_fractal_squares_gapless_5, uniq_prince_ribbit1
D:6:      layout_gridville, st_stairs_9
D:7:      statuecave_lemuel, layout_basic, minmay_temple_entry_butterflies
D:8:      layout_gridville, serial_shops, shop_statue, doesnt_shop_hydraphobe
D:9:      layout_cave_pods, gammafunk_ghost_hive
D:10:     layout_grid_maze
D:11:     layout_rooms, minmay_lair_entry_grove, erik_orc_1, serial_shops, shop
D:12:     minmay_octo_star, layout_loops_ring
D:13:     layout_basic, lightli_vaults_fourway_checkpoint, serial_shops,
          nicolae_shop_bloodbath_and_beyond, nicolae_qazlal_scattered_showers
D:14:     layout_irregular_city, serial_park_tiny_1
D:15:     hangedman_depths_entry_try_elsewhere_first, layout_layer_cave,
          special_room [special_room_bee]
Temple:   mainiacjoe_temple_trianglar_array
Lair:1:   layout_chaotic_city, nzn_sisyphean_effort, uniq_maggie
Lair:2:   layout_regular_city, basic_altar, uniq_erica, uniq_sonja
Lair:3:   layout_regular_city, uniq_fannar, uniq_urug
Lair:4:   layout_loops_ring, swamp_mist_pool, nicolae_spider_entry_tight_spaces
Lair:5:   layout_roguey, slime_altar_1
Lair:6:   due_jungle_book, layout_cave_pods, fungi_pond_lemuel
Swamp:1:  layout_falls_marsh, gammafunk_ghost_wrathful_warriors,
          evilmike_swamp_ruin_house_1, uniq_aizul
Swamp:2:  layout_falls_marsh, hangedman_swamp_ruin_wall
Swamp:3:  nicolae_swamp_long_stream, layout_falls_marsh,
          nicolae_swamp_feature_on_the_river_bank, swamp_pool4, uniq_bai_suzhen,
          uniq_mara
Swamp:4:  swamp_alternative, layout_basic_swamp,
          portal_ice_cave_entry_pillars_1, swamp_pool4
Spider:1: layout_chambers, uniq_donald
Spider:2: layout_spider_delve, hangedman_spider_tarantella_strand, uniq_frances,
          uniq_roxanne
Spider:3: layout_spider_delve, uniq_arachne
Spider:4: hellmonk_spider_rune_bug_friends, nicolae_spider_eight_legs
Orc:1:    layout_caves, nicolae_shop_firing_range, uniq_maurice
Orc:2:    st_orc_rangers, layout_caves
Vaults:1: v_pattern_4, v_misc_22, vaults_dpeg_diagonal,
          nicolae_vaults_little_ls, nicolae_vaults_statue_guard,
          vaults_room_door_ring, v_misc_25, v_alt_pattern_6,
          layout_vaults_omnigrid
Vaults:2: minmay_crypt_entry_simple_statues, nicolae_vaults_network_s,
          serial_ice_h, nicolae_vaults_big_angled_halls, vaults_dpeg_spiral,
          hangedman_vaults_river_flow, nicolae_vaults_little_squares_1,
          v_misc_2, v_misc_3, nicolae_vaults_sealed_display,
          vaults_room_stairs_pillars, nicolae_vaults_little_squares_3,
          layout_vaults_ring, serial_shops, nicolae_square_shop, uniq_xtahua
Vaults:3: v_alt_pattern_4, nicolae_vaults_puzzle_piece,
          nicolae_vaults_network_barrier, hangedman_vaults_capsules, v_misc_17,
          nicolae_vaults_shelves_hall, vaults_room_stairs_pillars,
          grunt_vaults_funnel, st_lines, layout_vaults_omnicross
Vaults:4: vaults_room_glass_cross, vaults_room_pool, vaults_mumra_chevron_long,
          nicolae_vaults_network_square, ontoclasm_vaults_ring_small,
          hangedman_vaults_pinch, nicolae_vaults_theta, hangedman_vaults_snaps,
          ontoclasm_vaults_hangar, nicolae_vaults_big_ls, v_pattern_3,
          nicolae_vaults_windows_and_doors_thing, nicolae_vaults_specimen_jars,
          layout_vaults_omnibox, serial_shops, bzr_entry_gold, shop,
          nicolae_diamond_shop, uniq_saint_roka, uniq_margery, uniq_sojobo
Vaults:5
Depths:1: layout_gridlike, hellmouth_1, serial_shops, shop,
          minmay_misc_feat_cross, kennysheep_big_empty_room, minivault_15,
          nicolae_gozag_seed_capital
Depths:2: evilmike_diamond_1, layout_basic, hell_entry, minmay_holes, pan_entry,
          kennysheep_generic_room_14, serial_bayou_shore_b
Depths:3: minmay_inside_and_out, layout_honeycomb, enter_ziggurat_a, hell_entry,
          abyss_entry, glass_columns_c
Depths:4: grunt_crosshair, layout_cave_shapes, abyss_entry_flame_altar,
          pf_hell_entry_great_geh, serial_sigils_hangedman_stare
Zot:1:    layout_basic, grunt_ministairs_9
Zot:2:    layout_gridlike, grunt_megastairs_5
Zot:4:    kennysheep_blocky_room, layout_twisted_circle

Skill      XL: |  1  2  3  4  5  6  7  8  9 10 11 12 13 14 15 16 17 18 19 20 21 22 23 24 |
---------------+-------------------------------------------------------------------------+-----
Polearms       | 5 7 8 9 11 14 16 | 16.0
Fighting       | 3 4 5 6 7 9 11 12 13 14 15 16 17 19 20 22 23 24 | 24.5
Dodging        | 5 6 8 9 11 13 15 16 17 18 19 20 21 22 23 24 25 27 | 27.0
Armour         | 3 5 6 7 8 9 10 12 13 | 13.3
Evocations     | 5 8 11 13 15 16 17 | 17.4
Shields        | 5 10 13 15 | 15.0
Throwing       | |  2.0

Action                   |  1- 3 |  4- 6 |  7- 9 | 10-12 | 13-15 | 16-18 | 19-21 | 22-24 || total
-------------------------+-------+-------+-------+-------+-------+-------+-------+-------++-------
Melee: Trident           |   125 |   125 |   101 |       |       |       |       |       ||   351
       Punch             |       |     5 |     1 |       |       |       |       |       ||     6
       Halberd           |       |       |   244 |   635 |  1444 |  1262 |   279 |       ||  3864
       Demon trident     |       |       |       |       |       |       |  1600 |  2159 ||  3759
       Tailslap          |       |       |       |       |       |       |    21 |       ||    21
Throw: Throwing net      |       |     1 |       |       |       |       |       |       ||     1
Invok: Call Merchant     |       |       |       |     1 |       |       |       |       ||     1
       Bribe Branch      |       |       |       |       |       |       |     1 |     2 ||     3
Evoke: Wand              |       |       |       |    11 |    14 |     2 |     8 |       ||    35
       Condenser vane    |       |       |       |       |     3 |     4 |     3 |     1 ||    11
       Tin of tremorston |       |       |       |       |     2 |     3 |     7 |     5 ||    17
  Use: Potion            |       |     2 |     1 |       |     1 |     5 |     3 |       ||    12
       Scroll            |       |     1 |     9 |     9 |    10 |     2 |    13 |     3 ||    47
 Stab: Sleeping          |     3 |     1 |     7 |     2 |     2 |     3 |     1 |       ||    19
       Held in net/web   |       |     1 |       |       |       |       |       |       ||     1
       Distracted        |       |       |     1 |    12 |    15 |    18 |    22 |    40 ||   108
       Confused          |       |       |       |       |       |       |     1 |       ||     1
Armor: Leather armour    |    41 |       |       |       |       |       |       |       ||    41
       Ring mail         |     1 |    33 |    52 |     4 |       |       |       |       ||    90
       Skin              |       |     3 |       |       |       |       |       |       ||     3
       Scale mail        |       |       |       |    56 |   140 |   244 |   285 |    45 ||   770
       Chain mail        |       |       |       |       |       |       |       |   340 ||   340
Dodge: Dodged            |    71 |    39 |   182 |   246 |   582 |  1097 |  1208 |   822 ||  4247
Block: Other             |       |       |    56 |    57 |   133 |   197 |    58 |       ||   501
       Reflection        |       |       |     1 |     7 |    28 |       |    48 |    28 ||   112
       Kite shield       |       |       |       |       |       |       |  1116 |  1404 ||  2520
       Rpst.: Halberd    |       |       |       |       |    72 |   218 |    21 |       ||   311
       Demon trident     |       |       |       |       |       |       |   154 |   119 ||   273

Table legend: (Time is in decaauts)
 A = Elapsed time spent in this place.
 B = Non-inter-level travel time spent in this place.
 C = Inter-level travel time spent in this place.
 D = Time resting spent in this place.
 E = Time spent auto-exploring this place.
 F = Levels seen in this place.
 G = Mean time per level.
                   A        B        C        D        E       F      G
               +--------+--------+--------+--------+--------+-----+--------+
         Total |  63157 |  59527 |   3630 |   6842 |  41644 |  45 | 1403.5 |
       Dungeon |  19111 |  17538 |   1573 |   1360 |  13721 |  15 | 1274.1 |
        Temple |    420 |    383 |     37 |      0 |    380 |   1 |  420.0 |
          Lair |   8311 |   7410 |    901 |    444 |   5935 |   6 | 1385.2 |
         Swamp |   4953 |   4763 |    190 |   1249 |   2511 |   4 | 1238.2 |
   Spider Nest |   9925 |   9675 |    250 |   2766 |   5503 |   4 | 2481.2 |
  Orcish Mines |   1468 |   1450 |     18 |      0 |   1013 |   2 |  734.0 |
        Vaults |  12084 |  11661 |    423 |    774 |   8085 |   5 | 2416.8 |
        Depths |   5188 |   4994 |    194 |    247 |   3093 |   4 | 1297.0 |
           Zot |   1583 |   1543 |     40 |      0 |   1316 |   3 |  527.7 |
         Abyss |    108 |    108 |      0 |      0 |     85 |   1 |  108.0 |
               +--------+--------+--------+--------+--------+-----+--------+

Top non-repeatable levels by time:
Spider:3: 3504 daAuts
Spider:1: 3300 daAuts
Vaults:4: 2803 daAuts
Vaults:1: 2718 daAuts
Vaults:5: 2580 daAuts
  Lair:6: 2405 daAuts
Vaults:2: 2389 daAuts
Spider:2: 1803 daAuts
 Swamp:3: 1756 daAuts
     D:7: 1721 daAuts
     D:4: 1624 daAuts
    D:12: 1594 daAuts
Vaults:3: 1592 daAuts
    D:10: 1546 daAuts
  Lair:3: 1529 daAuts
